 Dungeon Crawl Stone Soup version 0.25-a0-294-gea9b1ad378 (webtiles) character file.

Game seed: 3550708460601096026, levelgen mode: deterministic

180 Faustar the Skirmisher (level 5, -2/43 HPs)
             Began as a Barachi Fighter on Dec 19, 2019.
             Slain by a bullfrog (4 damage)
             ... in a sewer.
             The game lasted 00:05:13 (2433 turns).

Faustar the Skirmisher (Barachi Fighter)            Turns: 2433, Time: 00:05:13

Health: -2/43      AC:  8    Str: 13 (16) XL:     5   Next: 60%
Magic:  5/5        EV: 11    Int:  7 (9)  God:
Gold:   124        SH: 13    Dex: 13 (16) Spells: 4/4 levels left

rFire    . . .     SeeInvis .   a - +1 long sword
rCold    . . .     Gourm    .   c - +0 shield
rNeg     . . .     Faith    .   b - +1 scale mail
rPois    .         Spirit   .   (no helmet)
rElec    .         Reflect  .   (no cloak)
rCorr    .         Harm     .   (no gloves)
MR       .....                  (no boots)
Stlth    +.........             (no amulet)
HPRegen  0.14/turn              (no ring)
MPRegen  0.09/turn              (no ring)

@: agile, about to teleport, can't hop, very slightly contaminated, slow
A: +LOS, swims, large bone plates 1, slowness 1, weak 1, strong legs 1
a: Hop


You were in a sewer.
You were not hungry.

You visited 1 branch of the dungeon, and saw 3 of its levels.
You also visited: Sewer.

You collected 124 gold pieces.

Inventory:

Hand Weapons
 a - a +1 long sword (weapon)
Armour
 b - a +1 scale mail (worn)
 c - a +0 shield (worn)
 t - a +0 plate armour
Scrolls
 e - 4 scrolls of identify {unknown}
 h - 2 scrolls of remove curse
 k - a scroll of magic mapping
Potions
 d - a potion of might
 j - 2 potions of magic
 p - a potion of degeneration
Comestibles
 f - 3 rations
 s - 3 chunks of flesh


   Skills:
 + Level 4.9 Fighting
 + Level 3.9 Long Blades
 + Level 4.8 Armour
 + Level 4.3 Shields


You had 4 spell levels left.
You didn't know any spells.
Your spell library was empty.

Dungeon Overview and Level Annotations

Branches:
Dungeon (3/15)              Sewer (1/1)

Altars:
Trog

Annotations:
D:3 Robin


Innate Abilities, Weirdness & Mutations

You can be seen from farther away. (+LOS)
You can swim through water.
You cover ground slowly.
You can hop short distances.
You are partially covered in large bone plates. (SH +4)
You are weak. (Str -2)


Message History

Press: ? - help, Dir - move target cursor Floosh!
Boing!
The bullfrog swells and bulges.
As you read the scroll labeled ACKUNK VEURI, it crumbles to dust.
The creatures around you are filled with an inner flame!
It was a scroll of immolation.
Okay, then.
Unknown command.
Blink to where?
Press: ? - help, Dir - move target cursor Floosh!
You are very lightly contaminated with residual magic.
As you read the scroll labeled VOUPOE IROIPP, it crumbles to dust.
It was a scroll of blinking.
As you read the scroll labeled LENGAL WIHEU, it crumbles to dust.
You feel strangely unstable.
It was a scroll of teleportation.
You block the bullfrog's attack. The bullfrog barely misses you.
The bullfrog hits you.
You die...

#≈≈≈≈##≈≈≈≈.#######≈≈#
##.≈≈##.≈.†###≈≈≈≈≈#≈.#
#≈≈÷.#≈≈.≈##≈≈≈≈≈J≈≈F..
#≈.†##≈≈≈##≈≈≈.≈..≈.≈.≈
#≈≈≈#..≈≈#≈≈≈.≈..≈?≈≈≈≈
#≈≈≈#≈≈≈≈#≈,≈≈≈≈..$..≈.
#..≈#.≈≈.#≈≈≈≈≈.:=!.≈≈≈
#≈≈≈##FF≈##≈≈≈≈≈≈..≈≈≈#
#.≈.≈#@≈≈≈##≈≈≈≈≈.≈≈≈##
##≈≈≈##≈≈≈≈###≈≈≈≈≈###.
#≈≈≈≈##≈.≈÷≈#######≈≈÷
##≈≈.≈###≈†≈.≈≈≈≈≈≈≈≈≈
##.≈≈≈≈####≈≈≈÷≈≈≈###
##≈≈≈.≈≈≈#########≈.
####≈≈.≈≈.≈≈≈≈≈≈≈≈≈
####≈≈≈≈≈≈≈≈≈≈≈#
#############


You could see 2 bullfrogs.

Vanquished Creatures
  5 adders
  5 oozes (Sewer)
  A worm (D:2)
  A dart slug (D:2)
  14 leopard geckos
  An orc (D:3)
  11 giant cockroaches
  7 hobgoblins
  3 jackals (D:1)
  A quokka (D:2)
  11 ball pythons (Sewer)
  6 bats
  12 frilled lizards
  7 goblins
  2 kobolds (D:1)
  9 rats
96 creatures vanquished.

Notes
Turn   | Place    | Note
-------+----------+-------------------------------------------
     0 | D:1      | Faustar the Barachi Fighter began the quest for the Orb.
     0 | D:1      | Reached XP level 1. HP: 18/18 MP: 1/1
   154 | D:1      | Reached XP level 2. HP: 25/25 MP: 2/2
   883 | D:2      | Reached XP level 3. HP: 30/30 MP: 3/3
   963 | D:2      | Found a bloodstained altar of Trog.
  1115 | D:2      | Found a faded altar of an unknown god.
  1318 | D:3      | Noticed Robin
  1588 | D:3      | Reached XP level 4. HP: 32/37 MP: 4/4
  1733 | D:3      | Found a glowing drain.
  1737 | Sewer    | Entered a sewer
  2026 | Sewer    | Reached XP level 5. HP: 43/43 MP: 5/5
  2408 | Sewer    | Gained mutation: You are weak. (Str -2) [potion of
                  | mutation]
  2408 | Sewer    | Gained mutation: You are partially covered in large bone
                  | plates. (SH +4) [potion of mutation]
  2408 | Sewer    | Gained mutation: You are very weak. (Str -4) [potion of
                  | mutation]
  2408 | Sewer    | Lost mutation: You are very weak. (Str -4) [potion of
                  | mutation]
  2425 | Sewer    | HP: 1/43 [bullfrog (5)]
  2433 | Sewer    | Slain by a bullfrog

Levels and vault maps discovered:
D:1:      psy_arrival_whirlpool, layout_loops_ring, minivault_26, hex_tiny,
          minmay_tree_intersection
D:2:      lemuel_upstairs_altar, layout_basic, bloody_trog,
          chequers_ecumenical_altar_simple
D:3:      layout_loops_corners, gup_sewer_entry_spiral,
          kennysheep_jessica_study, uniq_robin
Sewer:    sewer_frog_island_02

Skill      XL: |  1  2  3  4 |
---------------+-------------+-----
Fighting       | 4 |  4.9
Armour         | 4 |  4.8
Long Blades    | 3 |  3.9
Shields        | 4 |  4.3

Action                   |  1- 3 |  4- 6 || total
-------------------------+-------+-------++-------
Melee: Long sword        |   144 |   205 ||   349
 Abil: Hop               |     1 |     1 ||     2
  Use: Scroll            |     1 |     6 ||     7
       Potion            |       |     5 ||     5
  Eat: Chunk             |     3 |     4 ||     7
Armor: Scale mail        |    84 |   112 ||   196
Dodge: Dodged            |    52 |    76 ||   128
Block: Shield            |    92 |   155 ||   247
       Rpst.: Long sword |    16 |    20 ||    36

Table legend:
 A = Non-vault XP
 B = Vault XP
 C = Vault XP percentage of total XP
 D = Non-vault monster count
 E = Vault monster count
 F = Vault count percentage of total count
                 A         B        C        D         E       F
            +---------+---------+-------+---------+---------+-------
      Total |      89 |     169 |  65.5 |      38 |      58 |  60.4
            +---------+---------+-------+---------+---------+-------
        D:1 |      21 |       0 |   0.0 |      14 |       0 |   0.0
        D:2 |      32 |       3 |   8.6 |      16 |       2 |  11.1
        D:3 |      36 |      13 |  26.5 |       8 |       7 |  46.7
      Sewer |       0 |     153 | 100.0 |       0 |      49 | 100.0
            +---------+---------+-------+---------+---------+-------
